 Dungeon Crawl Stone Soup version 0.30.1-9-gdf580d7c3d (webtiles) character file.

Game seed: 17126375472618813029

1789 KroAlmo the Cleaver (level 8, -4/71 HPs)
             Began as a Minotaur Berserker on Sept 27, 2023.
             Was an Elder of Trog.
             Slain by an orc warrior
             ... wielding a +0 bardiche
              (29 damage)
             ... in a bailey.
             The game lasted 00:34:52 (6692 turns).

KroAlmo the Cleaver (Minotaur Berserker)            Turns: 6692, Time: 00:34:52

Health: -4/71      AC: 14    Str: 34    XL:     8   Next: 82%
Magic:  7/7        EV: 12    Int:  4    God:    Trog [****..]
Gold:   154        SH:  0    Dex:  9    Spells: 7/7 levels left

rFire   . . .        a - +0 hand axe
rCold   . . .        I - orb {light}
rNeg    . . .        C - +4 scale mail of Uroam {Rampage Will+}
rPois   .            q - +2 hat
rElec   .            (no cloak)
rCorr   +            (no gloves)
SInv    +            D - +0 pair of boots of the Equator {Regen+ Str+3 SInv}
Will    +++..        (no amulet) Stlth
                     j - +6 ring of strength
HPRegen 2.11/turn    s - ring of resist corrosion
MPRegen 0.10/turn

%: rampage
@: strong-willed, regenerating, glowing
A: horns 2, retaliatory headbutt
a: Renounce Religion, Berserk, Trog's Hand, Brothers in Arms


You were in a bailey.
You worshipped Trog.
Trog was greatly pleased with you.
You visited 1 branch of the dungeon, and saw 7 of its levels.
You also visited: Sewer and Bailey.

You collected 220 gold pieces.
You spent 66 gold pieces at shops.

Inventory:

Hand Weapons
 a - a +0 hand axe (weapon)
Missiles
 x - a boomerang (quivered)
Armour
 o - the +1 leather armour of Hodwivo {rC- rN+ Str+3}
   (You found it on level 2 of the Dungeon)

   Str:       It affects your strength (+3).
   rC:        It makes you vulnerable to cold.
   rN:        It protects you from negative energy.
 q - a +2 hat (worn)
 C - the +4 scale mail of Uroam (worn) {Rampage Will+}
   (You found it on level 5 of the Dungeon)

   Rampage:   It bestows one free step when moving towards enemies.
   Will:      It increases your willpower.
 D - the +0 pair of boots of the Equator (worn) {Regen+ Str+3 SInv}
   (You found it on level 5 of the Dungeon)

   Str:       It affects your strength (+3).
   SInv:      It lets you see invisible.
   Regen:     It increases your rate of health regeneration.
 I - an orb of light (worn)
Jewellery
 c - a ring of see invisible
 j - a +6 ring of strength (left hand)
 s - a ring of resist corrosion (right hand)
 B - a ring of ice
Wands
 k - a wand of mindburst (13)
 A - a wand of charming (4)
Scrolls
 b - a scroll of vulnerability {unknown}
 d - 7 scrolls of identify {unknown}
 e - 2 scrolls of poison {unknown}
 f - 6 scrolls of teleportation {unknown}
 i - 2 scrolls of enchant armour {unknown}
 p - 2 scrolls of magic mapping {unknown}
 t - 3 scrolls of silence {unknown}
 u - a scroll of blinking {unknown}
 y - 2 scrolls of amnesia {unknown}
 E - a scroll of enchant weapon {unknown}
 F - 2 scrolls of fog {unknown}
 H - a scroll of immolation {unknown}
Potions
 g - 2 potions of heal wounds
 l - a potion of experience {unknown}
 m - a potion of invisibility {unknown}
 n - 5 potions of flight
 r - 2 potions of ambrosia {unknown}
 v - 2 potions of lignification {unknown}
 w - a potion of cancellation {unknown}
 z - a potion of haste {unknown}
 G - a potion of degeneration {unknown}


   Skills:
 + Level 6.8 Fighting
 * Level 9.5 Axes
 + Level 3.4 Throwing
 + Level 5.6 Armour
 + Level 5.0 Dodging
 - Level 1.1 Stealth


You had 7 spell levels left.
You didn't know any spells.
Your spell library was empty.

Dungeon Overview and Level Annotations

Branches:
Dungeon (7/15)              Sewer (visited)          Bailey (1/1)
 Temple: D:4-7

Altars:
Hepliaklqana
Qazlal
Trog
Vehumet

Shops:
D:1 [   D:4 [!   D:6 [

Annotations:
Bailey 2 runed translucent doors


Innate Abilities, Weirdness & Mutations

You have a pair of horns on your head.
You reflexively headbutt those who attack you in melee.


Message History

The orc warrior barely misses you.
You hit the orc warrior but do no damage.
The orc warrior is heavily wounded.
The orc warrior hits you with a +0 spear.
You barely miss the orc warrior.
The orc warrior is heavily wounded.
You hit the orc warrior but do no damage.
The orc warrior is heavily wounded.
The orc warrior hits you with a +0 spear!
You hit the orc warrior.
The orc warrior is heavily wounded.
The orc knight barely misses you. The orc warrior misses you.
The orc warrior hits you from afar with a +0 bardiche!!
The orc warrior completely misses you. You furiously retaliate!
You headbutt the orc warrior!
The orc warrior hits you from afar with a +0 spear!
You feel better.
The orc knight hits you from afar with a +0 trident!
The orc warrior barely misses you.
Your skin crawls.
You feel strong-willed.
The orc knight hits you from afar with a +0 trident.
The orc warrior hits you from afar with a +0 spear.
You are too injured to fight recklessly!
You rampage towards the orc warrior!
You hit the orc warrior.
The orc warrior is almost dead.
You hit the orc knight. The orc knight closely misses you.
The orc warrior hits you with a +0 spear!
The orc warrior hits you from afar with a +0 bardiche!!
* * * LOW HITPOINT WARNING * * *
It was a potion of heal wounds.
You feel much better. The orc knight closely misses you.
The orc warrior hits you with a +0 spear.
The orc warrior completely misses you.
You hit the orc warrior but do no damage.
The orc warrior is almost dead.
You hit the orc knight.
The orc warrior hits you but does no damage.
The orc warrior hits you from afar with a +0 bardiche!!
You die...

####### ♣≈≈≈≈≈♣ ♣♣♣♣≈≈≈≈≈♣
♣♣..≈≈≈≈≈.♣ #♣..≈≈≈≈≈..♣
#...≈≈≈≈).####
####..≈≈≈≈≈).#$.##########
#.....≈≈≈≈.))#..@.o.......
..♣♣..≈≈≈≈..)##.oo........
...♣..≈≈≈≈....#..########.
.....######..)#)8# ..#
....))........#..# ..#
..............'..# .+.
..............'..# +.
..............#..# .
.....######...#.8#


You could see an orc knight and 2 orc warriors.

Vanquished Creatures
  2 orc warriors (Bailey)
  An ice beast (D:6)
  A centaur (D:6)
  3 ogres
  4 kobold brigands (Sewer)
  A phantom (D:5)
  A bullfrog (D:6)
  A scorpion (D:5)
  A howler monkey (D:6)
  4 jellies
  A sleepcap (D:6)
  3 iguanas
  An orc wizard (D:5)
  3 gnolls (D:2)
  13 adders
  4 river rats
  3 ufetubi
  9 worms
  3 dart slugs
  17 orcs
  6 bats
  11 endoplasms
  2 giant cockroaches
  15 goblins
  11 hobgoblins
  4 quokkas
  9 ball pythons
  5 frilled lizards
  12 kobolds
  14 rats
165 creatures vanquished.

Vanquished Creatures (collateral kills)
  A jelly (D:5)
  An iguana (D:5)
2 creatures vanquished.

Grand Total: 167 creatures vanquished

Notes
Turn   | Place    | Note
-------+----------+-------------------------------------------
     0 | D:1      | KroAlmo the Minotaur Berserker began the quest for the Orb.
     0 | D:1      | Reached XP level 1. HP: 19/19 MP: 0/0
   372 | D:1      | Found Ixzeighoma's Armour Boutique.
   377 | D:1      | Reached skill level 4 in Axes
   377 | D:1      | Reached XP level 2. HP: 23/27 MP: 1/1
   838 | D:2      | Reached XP level 3. HP: 32/33 MP: 2/2
   881 | D:2      | Reached ** piety under Trog
  1165 | D:2      | Reached skill level 5 in Axes
  1165 | D:2      | Reached XP level 4. HP: 36/41 MP: 3/3
  1297 | D:2      | Identified the +1 leather armour of Hodwivo {rC- rN+ Str+3}
  1666 | D:3      | Found a bloodstained altar of Trog.
  2140 | D:3      | Reached XP level 5. HP: 40/47 MP: 4/4
  2232 | D:3      | Reached *** piety under Trog
  2351 | D:3      | Found a radiant altar of Vehumet.
  2706 | D:4      | Found Bomeg's Distillery.
  2713 | D:4      | Found a hazy altar of Hepliaklqana.
  2716 | D:4      | Bought a potion of flight for 33 gold pieces
  2716 | D:4      | Bought a potion of curing for 33 gold pieces
  2748 | D:4      | Found a stormy altar of Qazlal.
  2782 | D:4      | Reached skill level 6 in Axes
  3165 | D:4      | Found Toisikh's Armour Boutique.
  3279 | D:5      | Entered Level 5 of the Dungeon
  3291 | D:5      | Reached skill level 5 in Fighting
  3291 | D:5      | Reached XP level 6. HP: 36/56 MP: 5/5
  3390 | D:5      | Reached skill level 1 in Stealth
  3395 | D:5      | Reached skill level 7 in Axes
  3709 | D:5      | Reached XP level 7. HP: 61/61 MP: 6/6
  3746 | D:5      | Found a glowing drain.
  3753 | Sewer    | Entered a sewer
  3782 | Sewer    | Reached skill level 1 in Throwing
  4473 | Sewer    | Reached skill level 8 in Axes
  4711 | D:5      | Identified the +0 pair of boots of the Equator {Regen+
                  | Str+3 SInv}
  4757 | D:5      | Identified the +4 scale mail of Uroam {Rampage Will+}
  4780 | D:5      | Reached **** piety under Trog
  4848 | D:5      | HP: 3/62 [acid (7)]
  4857 | D:5      | HP: 1/62 [iguana (4)]
  5144 | D:5      | Reached XP level 8. HP: 70/70 MP: 7/7
  5816 | D:6      | Reached skill level 5 in Armour
  5828 | D:6      | Reached skill level 9 in Axes
  6147 | D:6      | Found Jufeiq's Antique Armour Boutique.
  6518 | D:7      | Found a flagged portal.
  6542 | Bailey   | Entered a bailey
  6649 | Bailey   | Reached skill level 5 in Dodging
  6675 | Bailey   | Noticed an orc knight
  6676 | Bailey   | Found a large runed translucent door.
  6676 | Bailey   | Found a large runed translucent door.
  6690 | Bailey   | HP: 1/71 [orc warrior/+0 bardiche (21)]
  6692 | Bailey   | Slain by an orc warrior

Illustrated notes

Levels and vault maps discovered:
D:1:      dpeg_cavernosity, layout_rooms, serial_shops,
          nicolae_shop_hallway_plus, minmay_crystal_room
D:2:      layout_rooms, hangedman_decor_push
D:3:      minmay_bubble_buster, layout_loops_ring, marbit_many_paths,
          mainiacjoe_overflow_alcove_4
D:4:      layout_basic, mainiacjoe_overflow_small_starburst,
          nicolae_qazlal_scattered_showers, serial_shops, shop_fountains,
          kennysheep_mini_moat
D:5:      layout_loops_ring, gup_sewer_entry_spiral
D:6:      layout_loops_corners, serial_shops, nicolae_shop_rolling_square,
          minivault_4
D:7:      layout_basic, gammafunk_temple_overflow_forgotten,
          minmay_temple_entry_glassed_door, enter_bailey_5, uniq_prince_ribbit1
Bailey:   bailey_polearm_elven_captive_hellmonk, bailey

Skill      XL: |  1  2  3  4  5  6  7  8 |
---------------+-------------------------+-----
Axes           | 4 5 6 7 8 9 |  9.5
Fighting       | 4 5 6 |  6.8
Armour         | 3 4 5 |  5.6
Dodging        | 3 4 5 |  5.0
Stealth        | 1 |  1.1
Throwing       | 2 3 |  3.4

Action                     |  1- 3 |  4- 6 |  7- 9 || total
---------------------------+-------+-------+-------++-------
  Melee: Hand axe          |    70 |   125 |   217 ||   412
         Headbutt          |     5 |    20 |    31 ||    56
         Punch             |       |     1 |     1 ||     2
  Throw: Stone             |     2 |       |       ||     2
         Boomerang         |       |     2 |    25 ||    27
 Invoke: Trog's Hand       |       |       |     2 ||     2
         Brothers in Arms  |       |       |     1 ||     1
    Use: Potion            |       |       |     4 ||     4
   Stab: Sleeping          |       |     1 |       ||     1
 Armour: Animal skin       |     7 |       |       ||     7
         Ring mail         |     2 |       |       ||     2
         Leather armour    |       |    32 |    30 ||    62
         Scale mail        |       |       |    26 ||    26
  Dodge: Dodged            |    33 |    60 |   123 ||   216
